Map: Ephemeron LE

Players

MikeHawk - Winner!

  • Race: Terran Terran
  • League: Master
  • Spawn Location: 11:00

llllllllllll

  • Race: Terran Terran
  • League: Master
  • Spawn Location: 5:00

VOD

Have the link to the VOD?

Description

Time

  • Played on: Dec. 20, 2019, 11:24 a.m.
  • Length: 7:20
Show
View Real Time Build Order
Export as new Build Order

MikeHawk Terran - Winner!

Build Orders: Gas First Reaper Expand 

Get SALT Encoding   

  12  0:01  SCV  
  13  0:13  SCV  
  14  0:17  Supply Depot  
  14  0:25  SCV  
  15  0:30  Refinery  
  15  0:39  SCV  
  16  0:45  Barracks  
  16  0:51  SCV  
  17  1:03  SCV  
  18  1:15  SCV  
  19  1:32  Orbital Command, Reaper  
  20  1:45  Command Center  
  20  1:57  Factory  
  20  2:00  SCV  
  21  2:10  Barracks Reactor  
  21  2:13  SCV  
  22  2:17  Supply Depot  
  22  2:20  Refinery  
  22  2:25  SCV  
  23  2:38  SCV  
  24  2:46  Starport  
  24  2:50  SCV, Hellion x2  
  29  2:58  Orbital Command  
  30  3:12  Hellion x2  
  33  3:15  Barracks Tech Lab  
  33  3:17  SCV  
  34  3:24  SCV  
  35  3:29  SCV  
  36  3:36  Refinery  
  36  3:37  Raven  
  36  3:38  SCV  
  36  3:41  SCV  
  40  3:44  Factory Tech Lab, Supply Depot, Marine x2  
  42  3:51  SCV  
  42  3:53  SCV  
  44  4:03  SCV  
  44  4:05  SCV  
  44  4:06  Cyclone, Supply Depot  
  44  4:07  Marine x2  
  51  4:15  SCV  
  52  4:17  SCV  
  53  4:24  Supply Depot, Marine  
  53  4:27  Raven, Marine  
  53  4:28  SCV  
  53  4:29  SCV  
  59  4:38  Siege Tank  
  62  4:39  Supply Depot  
  62  4:45  SCV x2, Marine x2  
  66  4:58  SCV x2  
  67  5:09  Command Center  
  67  5:10  Siege Tank, Supply Depot  
  70  5:17  Viking x2  
  70  5:19  SCV x2  
  70  5:20  Stimpack, Marine  
  77  5:27  Supply Depot  
  77  5:31  SCV  
  77  5:32  SCV  
  79  5:38  Marine  
  80  5:44  Siege Tank  
  80  5:45  SCV x2  
  85  5:53  Viking  
  85  5:55  Viking  
  85  5:56  Barracks  
  89  5:57  Barracks  
  89  6:01  Refinery  
  89  6:03  Engineering Bay, SCV  
  89  6:04  Engineering Bay, SCV  
  91  6:06  Marine  
  92  6:15  SCV  
  92  6:16  SCV  
  94  6:21  Supply Depot  
  94  6:23  Supply Depot  
  94  6:28  SCV x2  
  94  6:32  Viking x2  
  100  6:37  Marine  
  101  6:40  SCV x2  
  101  6:46  Barracks Reactor  
  101  6:47  Barracks Reactor  
  103  6:48  Barracks  
  103  6:51  Barracks  
  103  6:52  Orbital Command  
  103  6:54  SCV  
  103  6:56  SCV  
  101  7:06  SCV  
  101  7:08  SCV  
Show
View Real Time Build Order
Export as new Build Order

llllllllllll Terran 

Build Orders:  

Get SALT Encoding   

  12  0:01  SCV  
  13  0:13  SCV  
  14  0:17  Supply Depot  
  14  0:25  SCV  
  15  0:29  Refinery  
  15  0:38  SCV  
  16  0:45  Barracks  
  16  0:50  SCV  
  16  0:55  Refinery  
  17  1:02  SCV  
  18  1:15  SCV  
  19  1:32  Orbital Command, Reaper  
  20  1:40  Factory  
  20  1:56  Supply Depot  
  20  1:58  SCV  
  21  2:04  Reaper  
  22  2:10  SCV  
  23  2:23  Hellion  
  25  2:30  Command Center  
  25  2:35  SCV  
  26  2:42  Reaper  
  27  2:45  Hellion  
  27  2:48  Starport  
  29  2:53  SCV  
  30  3:05  SCV  
  31  3:09  Supply Depot  
  31  3:12  Factory Tech Lab  
  31  3:27  Barracks Reactor, Starport Tech Lab  
  31  3:31  SCV  
  31  3:32  Siege Tank  
  35  3:42  Orbital Command  
  35  3:45  SCV  
  36  3:49  Raven  
  38  3:57  SCV  
  39  4:04  Marine x2  
  39  4:07  Command Center  
  39  4:09  SCV x2  
  43  4:18  Siege Tank  
  43  4:21  SCV  
  47  4:26  SCV, Supply Depot  
  47  4:29  Marine x2  
  50  4:33  SCV  
  50  4:38  SCV  
  52  4:40  Barracks  
  53  4:45  Barracks, SCV  
  53  4:50  Raven  
  55  5:07  SCV x2  
  55  5:10  Refinery x2  
  55  5:11  Supply Depot  
  55  5:12  Supply Depot  
  57  5:15  Siege Tank  
  57  5:19  SCV  
  60  5:23  Orbital Command  
  60  5:26  SCV  
  61  5:28  Marine x2  
  61  5:32  Engineering Bay  
  61  5:35  Engineering Bay  
  63  5:39  SCV  
  63  5:40  SCV  
  65  5:48  Barracks Reactor  
  65  5:50  Starport Reactor  
  65  5:51  SCV, Marine x2  
  65  5:56  SCV  
  69  6:05  SCV  
  69  6:07  Marine  
  69  6:08  Marine  
  72  6:12  SCV  
  72  6:16  Orbital Command  
  72  6:17  SCV  
  72  6:18  Barracks x2  
  74  6:23  Siege Tank, Marine  
  74  6:24  SCV  
  79  6:32  Marine x4  
  81  6:36  Medivac  
  81  6:37  SCV  
  82  6:47  Medivac  
  82  6:48  Marine  
  82  6:50  Marine x3  
  82  6:51  SCV x2  
Tags
 
Add a new tag
Caveats
  • Supply blocks, unpowered buildings, or Contaminate may cause inaccurate times.
  • Supply counts are checked every 10 seconds.